 Dungeon Crawl Stone Soup version 0.30.0-17-ge0270778cf (webtiles) character file.

Game seed: 7766105328440836795

198 mn3067 the Cudgeller (level 5, -2/48 HPs)
             Began as a Gargoyle Berserker on May 21, 2023.
             Was a Believer of Trog.
             Slain by a gnoll
             ... wielding a +0 halberd
              (7 damage)
             ... on level 4 of the Dungeon.
             The game lasted 00:06:32 (2489 turns).

mn3067 the Cudgeller (Gargoyle Berserker)           Turns: 2489, Time: 00:06:35

Health: -2/48      AC: 12    Str: 23    XL:     5   Next: 77%
Magic:  5/5        EV: 11    Int:  7    God:    Trog [**....]
Gold:   89         SH:  0    Dex:  9    Spells: 4/4 levels left

rFire   . . .        z - +2 dagger (venom)
rCold   . . .        (no shield)
rNeg    + . .        u - +0 ring mail
rPois   ∞            A - +0 helmet
rElec   +            r - +0 cloak
rCorr   .            k - +0 pair of gloves
SInv    +            (no boots)
Will    .....        p - amulet of regeneration
Stlth   x              - ring of see invisible
HPRegen 1.08/turn    (no ring)
MPRegen 0.09/turn

%: no passive effects
@: berserking (expiring), very quick
A: sickness immunity, AC +4, negative energy resistance 1, electricity
resistance, torment resistance 1, petrification resistance
a: Renounce Religion, Berserk, Trog's Hand


You were on level 4 of the Dungeon.
You worshipped Trog.
Trog was pleased with you.
You visited 1 branch of the dungeon, and saw 4 of its levels.

You collected 89 gold pieces.

Inventory:

Hand Weapons
 a - a +0 mace
 w - a +0 dagger of venom
 z - a +2 dagger of venom (weapon)
Missiles
 v - 5 boomerangs of dispersal (quivered)
Armour
 b - a +0 animal skin
 k - a +0 pair of gloves (worn)
 r - a +0 cloak (worn)
 u - a +0 ring mail (worn)
 A - a +0 helmet (worn)
Jewellery
 p - an amulet of regeneration (around neck)
 x - a ring of see invisible (left hand)
 y - a ring of positive energy
Scrolls
 d - 2 scrolls of enchant armour {unknown}
 h - 2 scrolls of blinking {unknown}
 i - a scroll of silence {unknown}
 j - a scroll of teleportation {unknown}
 l - a scroll of noise {unknown}
 m - a scroll of enchant weapon {unknown}
 o - 2 scrolls of identify {unknown}
 s - a scroll of amnesia {unknown}
 t - a scroll of brand weapon {unknown}
Potions
 c - 6 potions of curing {unknown}
 e - a potion of invisibility {unknown}
 f - a potion of mutation {unknown}
 g - a potion of degeneration {unknown}
 n - a potion of heal wounds {unknown}
 q - 2 potions of brilliance {unknown}
 B - a potion of lignification {unknown}


   Skills:
 - Level 3.2 Fighting
 + Level 6.3 Maces & Flails
 - Level 2.1 Armour
 - Level 1.5 Dodging


You had 4 spell levels left.
You didn't know any spells.
Your spell library was empty.

Dungeon Overview and Level Annotations

Branches:
Dungeon (4/15)
 Temple: D:4-7

Altars:


Innate Abilities, Weirdness & Mutations

You are immune to sickness and miasma.
Your stone body is resilient. (AC +4)
You are immune to poison.
You resist negative energy. (rN+)
You are resistant to electric shocks. (rElec)
You are resistant to unholy torment.
You are immune to petrification.


Message History

The orc priest is almost dead.
The endoplasm freezes you.
You are frozen.
The gnoll closely misses you. The orc barely misses you.
The orc priest looks encouraged for a moment.
The orc priest calls upon Beogh to heal the orc priest.
The orc priest's wounds heal themselves!
You puncture the orc priest!
You feel the power of Trog in you as your rage grows.
You kill the orc priest!
Trog accepts your kill.
Your Maces & Flails skill increases to level 6!
You closely miss the orc priest. The endoplasm barely misses you.
The orc priest hits you with a +0 short sword.
The gnoll closely misses you. The orc misses you.
You barely miss the orc priest. You puncture the orc priest!
The orc priest is poisoned.
The orc priest is heavily wounded.
The orc barely misses you.
A gnoll comes into view. It is wielding a +0 whip.
The endoplasm barely misses you. The gnoll barely misses you.
The orc priest mumbles some strange prayers to Beogh against you.
You barely resist.
The gnoll shouts!
You puncture the orc priest!
You kill the orc priest!
Trog accepts your kill. The gnoll hits you with a +0 whip.
The endoplasm barely misses you.
The gnoll hits you from afar with a +0 halberd!
* * * LOW HITPOINT WARNING * * *
The orc closely misses you.
You hit the orc.
You kill the orc!
Trog accepts your kill.
You puncture the gnoll!
The gnoll is poisoned.
The gnoll is heavily wounded.
The endoplasm freezes you.
You are frozen.
* * * LOW HITPOINT WARNING * * *
The gnoll hits you from afar with a +0 halberd!
You die...

.. .. .. ... .#
.... .##... .#..#
#####....#
##...gJ...##
####..$.@gg..g#
#.......#).#....
##.......#..# .
###..........##
#.........##.#
######.......#...#
#...............##
...##...........#
#....#.........##


You could see 4 gnolls and an endoplasm.

Vanquished Creatures
  2 orc priests (D:4)
  A hound (D:4)
  An orc wizard (D:4)
  Robin (D:2)
  A worm (D:2)
  A dart slug (D:1)
  3 orcs
  9 bats
  4 endoplasms
  12 goblins
  10 hobgoblins
  4 kobolds
  3 quokkas
  5 ball pythons
  A frilled lizard (D:3)
  3 rats
61 creatures vanquished.

Notes
Turn   | Place    | Note
-------+----------+-------------------------------------------
     0 | D:1      | mn3067 the Gargoyle Berserker began the quest for the Orb.
     0 | D:1      | Reached XP level 1. HP: 14/14 MP: 1/1
   113 | D:1      | Reached XP level 2. HP: 19/19 MP: 2/2
   449 | D:1      | Reached skill level 4 in Maces & Flails
   634 | D:1      | Reached XP level 3. HP: 23/23 MP: 3/3
  1207 | D:2      | Found a faded altar of an unknown god.
  1229 | D:2      | Reached ** piety under Trog
  1681 | D:3      | Noticed Robin
  1814 | D:2      | Killed Robin
  1815 | D:2      | Reached XP level 4. HP: 25/28 MP: 4/4
  1837 | D:2      | Reached skill level 5 in Maces & Flails
  2481 | D:4      | Reached XP level 5. HP: 26/32 MP: 5/5
  2484 | D:4      | Reached skill level 6 in Maces & Flails
  2489 | D:4      | Slain by a gnoll

Illustrated notes

Levels and vault maps discovered:
D:1:      lemuel_arrival_lava_pool, layout_loops_ring, st_stairs_14
D:2:      layout_basic, ebering_ecumenical_altar_abandoned
D:3:      layout_loops_ring, chequers_serial_rivers_small_b, uniq_robin
D:4:      layout_cave_pools, grunt_temple_overflow_cloverleaf, uniq_natasha

Skill      XL: |  1  2  3  4  5 |
---------------+----------------+-----
Maces & Flails | 4 5 6 |  6.3
Fighting       | |  3.2
Armour         | |  2.1
Dodging        | |  1.5

Action                     |  1- 3 |  4- 6 || total
---------------------------+-------+-------++-------
  Melee: Mace              |   133 |       ||   133
         Punch             |     1 |     2 ||     3
         Dagger            |       |    58 ||    58
 Invoke: Berserk           |     2 |     1 ||     3
 Armour: Animal skin       |    54 |       ||    54
         Ring mail         |    21 |    32 ||    53
  Dodge: Dodged            |    95 |    54 ||   149
